TOP OF THE 1ST |
Vanderbilt University Commodores batting - Pitching for Fresno State University Bulldogs : RHP Sanjuro Nagamine
|
Pitching: RHP Sanjuro Nagamine
|
|
Batting: RHB Brian Pflughoeft
|
0-0: Foul Ball, location: 2F 0-1: Called Strike 0-2: Foul Ball, location: 2F 0-2: Strikes out swinging
|
Batting: RHB Takashi Takeuchi
|
0-0: Ball 1-0: Swinging Strike 1-1: Ball 2-1: Swinging Strike 2-2: Ball 3-2: Strikes out looking
|
Batting: RHB Jose Ramos
|
0-0: Foul Ball, location: 2F 0-1: Ball 1-1: DOUBLE (Line Drive, 7LM, EV 111.9 MPH)
|
Batting: RHB Paul Johnson
|
0-0: Ball 1-0: Ball 2-0: Foul Ball, location: 2F 2-1: Called Strike 2-2: Ball 3-2: SINGLE (Line Drive, 56D, EV 97.5 MPH) Jose Ramos to third Runner from 3rd tries for Home, SAFE, throw by LF to home
|
Batting: LHB Tokito Ishizaki
|
0-0: Ball 1-0: Called Strike 1-1: Ball 2-1: Ball 3-1: SINGLE (Groundball, 4S, EV 62.5 MPH) (infield hit) Paul Johnson to second
|
Pinch Runner at 1st Josh Jett:
|
|
Batting: SHB D.J. Davis
|
0-0: Ball 1-0: Called Strike 1-1: Swinging Strike 1-2: Strikes out looking
|
Top of the 1st over - 1 run, 3 hits, 0 errors, 2 left on base; Vanderbilt University 1 - Fresno State University 0 |
BOTTOM OF THE 1ST |
Fresno State University Bulldogs batting - Pitching for Vanderbilt University Commodores : RHP Gabriel Marsh
|
Pitching: RHP Gabriel Marsh
|
|
Now in RF: Edgar Fernandez
|
|
Batting: LHB Moktar Ame
|
0-0: SINGLE (Flyball, 6MD, EV 91.9 MPH)
|
Batting: LHB Abraham Batista
|
0-0: Ball Moktar Ame is caught stealing 2nd base 2-6 1-0: Called Strike 1-1: Foul Ball, location: 2F 1-2: Ball 2-2: Foul Ball, location: 2F 2-2: Ball 3-2: Strikes out looking
|
Batting: LHB Brad Benanti
|
0-0: Ball 1-0: Called Strike 1-1: Ball 2-1: Ball 3-1: Called Strike 3-2: Strikes out swinging
|
Bottom of the 1st over - 0 runs, 1 hit, 0 errors, 0 left on base; Vanderbilt University 1 - Fresno State University 0 |
TOP OF THE 2ND |
Vanderbilt University Commodores batting - Pitching for Fresno State University Bulldogs : RHP Sanjuro Nagamine
|
Batting: RHB Min Tann
|
0-0: Called Strike 0-1: Ball 1-1: Ball 2-1: SINGLE (Flyball, 3D, EV 85.6 MPH)
|
Batting: RHB Ruben Reyna
|
0-0: Fly out, F8 (Flyball, 78M, EV 85.0 MPH)
|
Batting: SHB Robbie Glover
|
0-0: Ball 1-0: Called Strike 1-1: Fly out, F4 (Popup, 4, EV 56.9 MPH)
|
Batting: RHB Brian Pflughoeft
|
0-0: Called Strike 0-1: Ball 1-1: Ball 2-1: Ball 3-1: Base on Balls Min Tann to second
|
Batting: RHB Takashi Takeuchi
|
0-0: Ball 1-0: Called Strike 1-1: Swinging Strike 1-2: Ball 2-2: 3-RUN HOME RUN (Flyball, 78XD, EV 116.9 MPH), Distance : 469 ft
|
Batting: RHB Jose Ramos
|
0-0: Called Strike 0-1: Fly out, F8 (Flyball, 8RD, EV 101.2 MPH)
|
Top of the 2nd over - 3 runs, 2 hits, 0 errors, 0 left on base; Vanderbilt University 4 - Fresno State University 0 |
BOTTOM OF THE 2ND |
Fresno State University Bulldogs batting - Pitching for Vanderbilt University Commodores : RHP Gabriel Marsh
|
Batting: RHB Danilo Baldia
|
0-0: Ball 1-0: Ball 2-0: Ball 3-0: Called Strike 3-1: Foul Ball, location: 2F 3-2: Fly out, F8 (Flyball, 89M, EV 91.2 MPH)
|
Batting: RHB Tony Nowak
|
0-0: Swinging Strike 0-1: Ground out 6-3 (Groundball, 6, EV 96.9 MPH)
|
Batting: RHB Sinfronio Carreon
|
0-0: Ball 1-0: Called Strike 1-1: Ball 2-1: Ball 3-1: Base on Balls
|
Batting: RHB Charles Shaw
|
0-0: Ball Sinfronio Carreon steals 2nd base 1-0: Ball 2-0: Called Strike 2-1: Ball 3-1: SINGLE (Flyball, 89S, EV 96.9 MPH) Sinfronio Carreon to third Runner from 3rd tries for Home, SAFE, throw by RF to home
|
Batting: RHB Greg Meyer
|
0-0: Ball 1-0: Ball 2-0: Foul Ball, location: 2F 2-1: 2-RUN HOME RUN (Line Drive, 7LD, EV 96.2 MPH), Distance : 390 ft
|
Batting: RHB Wu-ti Hui
|
0-0: Ball 1-0: Ball 2-0: Ball 3-0: Called Strike 3-1: Base on Balls
|
Batting: LHB Moktar Ame
|
0-0: Called Strike Wu-ti Hui is caught stealing 2nd base 2-6
|
Bottom of the 2nd over - 3 runs, 2 hits, 0 errors, 0 left on base; Vanderbilt University 4 - Fresno State University 3 |
TOP OF THE 3RD |
Vanderbilt University Commodores batting - Pitching for Fresno State University Bulldogs : RHP Sanjuro Nagamine
|
Batting: RHB Paul Johnson
|
0-0: Fly out, F9 (Flyball, 89D, EV 81.9 MPH)
|
Batting: RHB Edgar Fernandez
|
0-0: Ball 1-0: Fly out, F9 (Line Drive, 89D, EV 88.8 MPH)
|
Batting: SHB D.J. Davis
|
0-0: SINGLE (Line Drive, 7S, EV 98.1 MPH)
|
Batting: RHB Min Tann
|
Pickoff Throw to First - Out! 1-3
|
Top of the 3rd over - 0 runs, 1 hit, 0 errors, 0 left on base; Vanderbilt University 4 - Fresno State University 3 |
BOTTOM OF THE 3RD |
Fresno State University Bulldogs batting - Pitching for Vanderbilt University Commodores : RHP Gabriel Marsh
|
Batting: LHB Moktar Ame
|
0-0: Ball 1-0: SINGLE (Groundball, 6D, EV 101.9 MPH)
|
Batting: LHB Abraham Batista
|
0-0: Ball 1-0: Ball 2-0: Called Strike 2-1: Ball 3-1: Base on Balls Moktar Ame to second
|
Batting: LHB Brad Benanti
|
0-0: Ball 1-0: Ball 2-0: Fly out, F7 (Flyball, 7, EV 88.8 MPH)
|
Batting: RHB Danilo Baldia
|
0-0: Called Strike 0-1: Swinging Strike 0-2: Hit by Pitch Moktar Ame to third Abraham Batista to second
|
Batting: RHB Tony Nowak
|
0-0: Ball 1-0: Ball 2-0: Foul Ball, location: 2F 2-1: Foul Ball, location: 2F 2-2: Strikes out looking
|
Batting: RHB Sinfronio Carreon
|
0-0: Fly out, F9 (Flyball, 9, EV 84.4 MPH)
|
Bottom of the 3rd over - 0 runs, 1 hit, 0 errors, 3 left on base; Vanderbilt University 4 - Fresno State University 3 |
TOP OF THE 4TH |
Vanderbilt University Commodores batting - Pitching for Fresno State University Bulldogs : RHP Sanjuro Nagamine
|
Batting: RHB Min Tann
|
0-0: Called Strike 0-1: Ball 1-1: Ball 2-1: Foul Ball, location: 2F 2-2: Foul Ball, location: 2F 2-2: Strikes out swinging
|
Batting: RHB Ruben Reyna
|
0-0: Foul Ball, location: 2F 0-1: Ball 1-1: Ball 2-1: Ball 3-1: Base on Balls
|
Batting: SHB Robbie Glover
|
0-0: Ball 1-0: Ball 2-0: Ball 3-0: Base on Balls Ruben Reyna to second
|
Batting: RHB Brian Pflughoeft
|
0-0: Called Strike 0-1: Foul Ball, location: 2F 0-2: Ball 1-2: Ball 2-2: Ball 3-2: Base on Balls Ruben Reyna to third Robbie Glover to second
|
Batting: RHB Takashi Takeuchi
|
0-0: SINGLE (Flyball, 8RS, EV 97.5 MPH) Ruben Reyna scores Robbie Glover to third Brian Pflughoeft to second Runner from 3rd tries for Home, SAFE, throw by CF to home
|
Pitching: RHP Oscar Zetino
|
|
Batting: RHB Jose Ramos
|
0-0: Foul Ball, location: 2F 0-1: Foul Ball, location: 2F 0-2: Ball 1-2: DOUBLE (Flyball, 8RXD, EV 108.8 MPH) Brian Pflughoeft scores Takashi Takeuchi to third
|
Batting: RHB Paul Johnson
|
0-0: Ball 1-0: Ball 2-0: Foul Ball, location: 2F 2-1: Ground out 5-3 (Groundball, 5, EV 83.8 MPH)
|
Batting: RHB Edgar Fernandez
|
0-0: DOUBLE (Flyball, 8LXD, EV 110.0 MPH) Takashi Takeuchi scores Jose Ramos scores
|
Pinch Hitting: RHB En-lai Kong
|
0-0: Called Strike 0-1: Ball 1-1: Foul Ball, location: 2F 1-2: Foul Ball, location: 2F 1-2: Foul Ball, location: 2F 1-2: Foul Ball, location: 2F 1-2: Ball 2-2: Strikes out swinging
|
Top of the 4th over - 5 runs, 3 hits, 0 errors, 1 left on base; Vanderbilt University 9 - Fresno State University 3 |
BOTTOM OF THE 4TH |
Fresno State University Bulldogs batting - Pitching for Vanderbilt University Commodores : RHP Gabriel Marsh
|
Now at 2B: En-lai Kong
|
|
Batting: RHB Charles Shaw
|
0-0: Called Strike 0-1: Called Strike 0-2: Foul Ball, location: 2F 0-2: Fly out, F9 (Flyball, 9, EV 86.2 MPH)
|
Batting: RHB Greg Meyer
|
0-0: Ball 1-0: Called Strike 1-1: Called Strike 1-2: Ground out 5-3 (Groundball, 56, EV 90.0 MPH)
|
Batting: RHB Wu-ti Hui
|
0-0: Swinging Strike 0-1: Foul Ball, location: 2F 0-2: Ball 1-2: Foul Ball, location: 2F 1-2: Ground out 4-3 (Groundball, 4, EV 86.9 MPH)
|
Bottom of the 4th over - 0 runs, 0 hits, 0 errors, 0 left on base; Vanderbilt University 9 - Fresno State University 3 |
TOP OF THE 5TH |
Vanderbilt University Commodores batting - Pitching for Fresno State University Bulldogs : RHP Oscar Zetino
|
Pitching: RHP Brent Liss
|
|
Now at 3B: John Chapman
|
|
Now at SS: Greg Meyer
|
|
Now in CF: Alexander Gadd
|
|
Now in RF: Moktar Ame
|
|
Batting: RHB Min Tann
|
0-0: Foul Ball, location: 2F 0-1: Ball 1-1: Called Strike 1-2: Ball 2-2: Ball 3-2: Fly out, F7 (Flyball, 7LS, EV 95.0 MPH)
|
Batting: RHB Ruben Reyna
|
0-0: Hit by Pitch
|
Batting: SHB Robbie Glover
|
0-0: Ball 1-0: Foul Ball, location: 2F 1-1: Called Strike 1-2: Fly out, F8 (Flyball, 8LD, EV 86.2 MPH)
|
Batting: RHB Brian Pflughoeft
|
0-0: Swinging Strike 0-1: Foul Ball, location: 2F 0-2: Ball 1-2: Strikes out swinging
|
Top of the 5th over - 0 runs, 0 hits, 0 errors, 1 left on base; Vanderbilt University 9 - Fresno State University 3 |
BOTTOM OF THE 5TH |
Fresno State University Bulldogs batting - Pitching for Vanderbilt University Commodores : RHP Gabriel Marsh
|
Now in LF: Sam Kerwin
|
|
Batting: LHB Moktar Ame
|
0-0: Ball 1-0: Ball 2-0: Called Strike 2-1: Ball 3-1: Swinging Strike 3-2: SINGLE (Groundball, 4MS, EV 66.2 MPH) (infield hit)
|
Batting: LHB Abraham Batista
|
0-0: Ball 1-0: Fly out, F8 (Flyball, 8RXD, EV 100.0 MPH)
|
Batting: LHB Brad Benanti
|
0-0: Called Strike 0-1: Called Strike 0-2: Foul Ball, location: 2F 0-2: Ball 1-2: Ball 2-2: Strikes out swinging
|
Pitching: RHP Craig Wayne
|
|
Pinch Hitting: RHB Curtis Havard
|
0-0: Called Strike 0-1: Foul Ball, location: 2F 0-2: Fly out, F8 (Flyball, 8RD, EV 86.9 MPH)
|
Bottom of the 5th over - 0 runs, 1 hit, 0 errors, 1 left on base; Vanderbilt University 9 - Fresno State University 3 |
TOP OF THE 6TH |
Vanderbilt University Commodores batting - Pitching for Fresno State University Bulldogs : RHP Brent Liss
|
Now at 2B: Curtis Havard
|
|
Batting: RHB Takashi Takeuchi
|
0-0: Called Strike 0-1: Ball 1-1: Ball 2-1: Ball 3-1: Called Strike 3-2: Strikes out swinging
|
Batting: RHB Sam Kerwin
|
0-0: Foul Ball, location: 2F 0-1: Ground out 4-3 (Groundball, 4, EV 101.9 MPH)
|
Batting: RHB Paul Johnson
|
0-0: Ball 1-0: Called Strike 1-1: Called Strike 1-2: Strikes out looking
|
Top of the 6th over - 0 runs, 0 hits, 0 errors, 0 left on base; Vanderbilt University 9 - Fresno State University 3 |
BOTTOM OF THE 6TH |
Fresno State University Bulldogs batting - Pitching for Vanderbilt University Commodores : RHP Craig Wayne
|
Batting: RHB John Chapman
|
0-0: Ball 1-0: Called Strike 1-1: Ball 2-1: Called Strike 2-2: Ball 3-2: Ground out 6-3 (Groundball, 6, EV 85.6 MPH)
|
Pinch Hitting: SHB Joey Black
|
0-0: Ball 1-0: Ball 2-0: Called Strike 2-1: Swinging Strike 2-2: Foul Ball, location: 2F 2-2: Strikes out swinging
|
Batting: RHB Charles Shaw
|
0-0: Fly out, F9 (Flyball, 9D, EV 104.4 MPH)
|
Bottom of the 6th over - 0 runs, 0 hits, 0 errors, 0 left on base; Vanderbilt University 9 - Fresno State University 3 |
TOP OF THE 7TH |
Vanderbilt University Commodores batting - Pitching for Fresno State University Bulldogs : RHP Brent Liss
|
Pitching: LHP Jason Campbell
|
|
Now in CF: Gary Christianson
|
|
Batting: RHB Edgar Fernandez
|
0-0: Ground out U3 (Groundball, 3L, EV 105.6 MPH)
|
Batting: RHB En-lai Kong
|
0-0: Ball 1-0: Swinging Strike 1-1: Ball 2-1: Fly out, F9 (Flyball, 89D, EV 104.4 MPH)
|
Batting: RHB Min Tann
|
0-0: Called Strike 0-1: Ball 1-1: Foul Ball, location: 2F 1-2: Foul Ball, location: 2F 1-2: Ball 2-2: Foul Ball, location: 2F 2-2: Ball 3-2: Foul Ball, location: 2F 3-2: Base on Balls
|
Batting: RHB Ruben Reyna
|
0-0: Foul Ball, location: 2F 0-1: Called Strike 0-2: Strikes out swinging
|
Top of the 7th over - 0 runs, 0 hits, 0 errors, 1 left on base; Vanderbilt University 9 - Fresno State University 3 |
BOTTOM OF THE 7TH |
Fresno State University Bulldogs batting - Pitching for Vanderbilt University Commodores : RHP Craig Wayne
|
Batting: RHB Greg Meyer
|
0-0: Called Strike 0-1: Ball 1-1: Fly out, F9 (Line Drive, 89M, EV 107.5 MPH)
|
Pinch Hitting: RHB Sandy Munoz
|
0-0: Ball 1-0: Swinging Strike 1-1: SINGLE (Flyball, 4D, EV 93.1 MPH) - OUT at second base trying to stretch hit.
|
Pinch Hitting: RHB Justin Connor
|
0-0: Ball 1-0: SINGLE (Groundball, 4S, EV 66.9 MPH) (infield hit)
|
Pinch Hitting: SHB Carlton Stannard
|
0-0: Ball 1-0: Foul Ball, location: 2F 1-1: Foul Ball, location: 2F 1-2: Strikes out swinging
|
Bottom of the 7th over - 0 runs, 2 hits, 0 errors, 1 left on base; Vanderbilt University 9 - Fresno State University 3 |
TOP OF THE 8TH |
Vanderbilt University Commodores batting - Pitching for Fresno State University Bulldogs : LHP Jason Campbell
|
Pitching: RHP Alex Gutierrez
|
|
Now at 1B: Carlton Stannard
|
|
Now in LF: Justin Connor
|
|
Now in RF: Sandy Munoz
|
|
Batting: SHB Robbie Glover
|
0-0: Ball 1-0: Ball 2-0: Called Strike 2-1: DOUBLE (Line Drive, 7LM, EV 104.4 MPH)
|
Batting: RHB Brian Pflughoeft
|
0-0: Ground out 5-3 (Groundball, 56S, EV 84.4 MPH)
|
Batting: RHB Takashi Takeuchi
|
0-0: Ball 1-0: SINGLE (Groundball, 56S, EV 69.4 MPH) (infield hit) Robbie Glover to third
|
Batting: RHB Sam Kerwin
|
0-0: Ball 1-0: Grounds into double play, 4-6-3 (Groundball, 4, EV 88.8 MPH)
|
Top of the 8th over - 0 runs, 2 hits, 0 errors, 1 left on base; Vanderbilt University 9 - Fresno State University 3 |
BOTTOM OF THE 8TH |
Fresno State University Bulldogs batting - Pitching for Vanderbilt University Commodores : RHP Craig Wayne
|
Batting: LHB Ollie Strauss
|
0-0: Ball 1-0: Fly out, F5 (Popup, 5SF, EV 83.1 MPH)
|
Batting: RHB Curtis Havard
|
0-0: Ball 1-0: Fly out, F3 (Popup, 3S, EV 73.8 MPH)
|
Batting: RHB John Chapman
|
0-0: Ball 1-0: Ball 2-0: Ball 3-0: Called Strike 3-1: Called Strike 3-2: Fly out, F9 (Flyball, 89S, EV 95.0 MPH)
|
Bottom of the 8th over - 0 runs, 0 hits, 0 errors, 0 left on base; Vanderbilt University 9 - Fresno State University 3 |
TOP OF THE 9TH |
Vanderbilt University Commodores batting - Pitching for Fresno State University Bulldogs : RHP Alex Gutierrez
|
Pitching: LHP Casey Welch
|
|
Pinch Hitting: RHB Pakiana Kileona
|
0-0: Foul Ball, location: 2F 0-1: Ball 1-1: Foul Ball, location: 2F 1-2: Ball 2-2: Foul Ball, location: 2F 2-2: Strikes out swinging
|
Batting: RHB Edgar Fernandez
|
0-0: Fly out, F8 (Flyball, 89XD, EV 98.8 MPH)
|
Batting: RHB En-lai Kong
|
0-0: Ball 1-0: Foul Ball, location: 2F 1-1: Ground out 6-3 (Groundball, 6MS, EV 86.2 MPH)
|
Top of the 9th over - 0 runs, 0 hits, 0 errors, 0 left on base; Vanderbilt University 9 - Fresno State University 3 |
BOTTOM OF THE 9TH |
Fresno State University Bulldogs batting - Pitching for Vanderbilt University Commodores : RHP Craig Wayne
|
Pitching: RHP Bill Mata
|
|
Now at 1B: Pakiana Kileona
|
|
Pinch Hitting: RHB Victor Rangel
|
0-0: Ground out U3 (Groundball, 34, EV 83.8 MPH)
|
Pinch Hitting: RHB Ryan Roberts
|
0-0: Called Strike 0-1: Ball 1-1: SINGLE (Flyball, 8LS, EV 91.9 MPH)
|
Batting: RHB Greg Meyer
|
0-0: Ball 1-0: Foul Ball, location: 2F 1-1: Swinging Strike 1-2: Grounds into double play, 4-6-3 (Groundball, 4S, EV 89.4 MPH)
|
Bottom of the 9th over - 0 runs, 1 hit, 0 errors, 0 left on base; Vanderbilt University 9 - Fresno State University 3 |
|